 Dungeon Crawl Stone Soup version 0.31-a0-175-g9f7f995f2b (webtiles) character file.

Game seed: 4896306994427974521

6150 qw the Cleaver (level 10, -2/63 HPs)
             Began as a Gargoyle Fighter on June 17, 2023.
             Was a Believer of Okawaru.
             Slain by a wyvern (10 damage)
             ... on level 9 of the Dungeon.
             The game lasted 00:07:08 (10244 turns).

qw the Cleaver (Gargoyle Fighter)                  Turns: 10244, Time: 00:07:09

Health: -2/63      AC: 25    Str: 24    XL:     10   Next: 90%
Magic:  10/13      EV:  8    Int:  9    God:    Okawaru [**....]
Gold:   364        SH: 12    Dex:  9    Spells: 9/9 levels left

rFire   . . .        Y - +1 war axe (freeze)
rCold   . . .        b - +0 kite shield
rNeg    + . .        g - +1 plate armour
rPois   inf          a - +2 hood of the Assassin {Detect Stab+ Stlth++}
rElec   +            (no cloak)
rCorr   +            (no gloves)
SInv    .            (no boots)
Will    .....        (no amulet) Stlth
                     f - ring of resist corrosion
HPRegen 0.30/turn    (no ring)
MPRegen 0.13/turn

%: no passive effects
@: about to teleport, heroic, weakened
A: sickness immunity, AC +7, negative energy resistance 1, electricity
resistance, torment resistance 1, petrification resistance
a: Renounce Religion, Heroism


You were on level 9 of the Dungeon.
You worshipped Okawaru.
Okawaru was pleased with you.
You visited 2 branches of the dungeon, and saw 10 of its levels.
You also visited: Sewer.

You collected 364 gold pieces.


Innate Abilities, Weirdness & Mutations

You are immune to sickness and miasma.
Your stone body is resilient. (AC +7)
You are immune to poison.
You resist negative energy. (rN+)
You are resistant to electric shocks. (rElec)
You are resistant to unholy torment.
You are immune to petrification.


   Skills:
 + Level 7.5(12.5) Fighting
 - Level 11.2(16.2) Axes
 - Level 1.0(6.0) Throwing
 - Level 6.0(11.0) Armour
 - Level 1.2(6.2) Dodging
 - Level 9.7(14.7) Shields
 - Level 4.3 Invocations


You had 9 spell levels left.
You didn't know any spells.
Your spell library was empty.

Inventory:

Hand Weapons
 e - a +0 war axe of holy wrath
 q - a +0 morningstar
 Y - a +1 war axe of freezing (weapon)
Missiles
 p - 3 boomerangs (quivered)
Armour
 a - the +2 hood of the Assassin (worn) {Detect Stab+ Stlth++}
   (You found it on level 2 of the Dungeon)

   Detect:    It allows the wearer to sense nearby creatures.
   Stab+:     It allows the wearer to make particularly effective stabbing
   attacks against helpless or unaware enemies with any weapon.
   Stlth:     It makes you much more stealthy.
 b - a +0 kite shield (worn)
 g - a +1 plate armour (worn)
Jewellery
 f - a ring of resist corrosion (left hand)
Scrolls
 i - 3 scrolls of teleportation
 m - 4 scrolls of identify
Potions
 d - a potion of might
 j - a potion of haste
 k - 4 potions of mutation
 l - a potion of magic
 n - a potion of attraction
 o - a potion of enlightenment

Dungeon Overview and Level Annotations

Branches:
Dungeon (9/15)             Temple (1/1) D:6           Sewer (visited)
   Lair: D:8-11         Orc: D:9-12

Altars:
Ashenzari
Cheibriados
Gozag
Hepliaklqana
Kikubaaqudgha
Makhleb
Okawaru
Qazlal
Ru
Sif Muna
Uskayaw
Vehumet
Wu Jian
Yredelemnul
Zin
The Shining One

Shops:
D:8 :

Annotations:
D:4 exclusion: howler monkey
D:5 exclusion: hound
D:7 exclusions: 2 electric eels, 4 gnolls and gnoll sergeant


Message History

Your Invocations skill increases to level 4!
You slash the wyvern! You freeze the wyvern.
The wyvern is almost dead.
You hit the neqoxec but do no damage. You hit the gnoll bouda.
You freeze the gnoll bouda. You block the wyvern's attack.
The gnoll hits you but does no damage. You block the gnoll bouda's attack.
The neqoxec hits you but does no damage.
You hit the wyvern but do no damage.
The wyvern is almost dead.
You closely miss the neqoxec. You hit the gnoll bouda.
You freeze the gnoll bouda. You slash the gnoll! You freeze the gnoll.
You kill the gnoll!
Okawaru accepts your kill. The wyvern bites you. The neqoxec gestures at you.
Something tries to feed on your intellect!
The gnoll hits you from afar with a +0 halberd!
The gnoll bouda barks out a call to the hunt!
The gnolls pick up the pace!
10242 ||| READING 4 scrolls of teleportation.
As you read the scroll of teleportation, it crumbles to dust.
You feel strangely unstable.
You feel like a meek peon again. You block the wyvern's attack.
The wyvern bites you but does no damage.
The gnoll hits you from afar with a +0 halberd!
You block the gnoll bouda's attack. You block the neqoxec's attack.
10243 ||| DRINKING potion of heal wounds.
You feel much better. You block the orc's attack.
You block the wyvern's attack. The gnoll hits you but does no damage.
The gnoll bouda hits you but does no damage.
You block the neqoxec's attack.
10244 ||| INVOKING Heroism.
You gain the combat prowess of a mighty hero.
The wyvern bites you! The gnoll hits you with a +0 club.
The orc hits you from afar with a +0 trident.
The orc hits you but does no damage. The wyvern bites you!
You die...

~~~~.......#
~~~~~......#
.~~~7......#
....P.....)
#......o..#
###..og...#
......3lo.#
#..gg@..#
#..gg..<#
#.......#
#.......#
#.......#
#.......#
#.......#
..........
###########


You could see a neqoxec, an orc warrior, a wyvern, a gnoll bouda, 4 gnolls and 2
orcs.

Vanquished Creatures
  Erolcha (D:9)
  A two-headed ogre (D:8)
  Joseph (D:7)
  Psyche (D:8)
  2 hornets (D:8)
  A shadow (D:6)
  Eustachio (D:5)
  4 steam dragons
  Menkaure (D:5)
  An acid dragon (D:8)
  A water moccasin (D:7)
  Duvessa (D:4)
  2 orc warriors (D:8)
  An ogre (D:4)
  2 centaurs
  2 kobold brigands
  2 bullfrogs (Sewer)
  A gnoll sergeant (D:7)
  2 scorpions
  13 wights
  Dowan (D:4)
  3 howler monkeys
  2 jellies
  An iron imp (D:6)
  A gnoll bouda (D:5)
  2 hounds
  2 orc priests
  4 iguanas
  A sleepcap (D:6)
  Ijyb (D:4)
  8 orc wizards
  9 gnolls
  10 adders
  A river rat (Sewer)
  2 worms (D:4)
  3 dart slugs
  28 orcs
  3 bats
  4 endoplasms
  3 giant cockroaches
  12 goblins
  7 hobgoblins
  11 jackals
  2 quokkas
  15 ball pythons
  3 frilled lizards
  14 kobolds
  31 rats
225 creatures vanquished.

Vanquished Creatures (collateral kills)
  A sleepcap (D:4)
1 creature vanquished.

Vanquished Creatures (others)
  A gnoll (D:7)
1 creature vanquished.

Grand Total: 227 creatures vanquished

Notes
Turn   | Place    | Note
-------+----------+-------------------------------------------
     0 | D:1      | qw the Gargoyle Fighter began the quest for the Orb.
     0 | D:1      | Reached XP level 1. HP: 14/14 MP: 1/1
     0 | D:1      | 0 ||| qw: Version: 0.3-a-3-g30531e4
     0 | D:1      | 0 ||| qw: Game counter: 427
     0 | D:1      | 0 ||| qw: Always use a shield: true
     0 | D:1      | 0 ||| qw: God list: Okawaru
     0 | D:1      | 0 ||| qw: Allow faded altars: false
     0 | D:1      | 0 ||| qw: Do Orc after D:15 true
     0 | D:1      | 0 ||| qw: Do second Lair branch before Depths: true
     0 | D:1      | 0 ||| qw: Lair rune preference: random
     0 | D:1      | 0 ||| qw: Plans: Normal, Zot:1-4, Slime:5, God:TSO, Crypt,
                  | Tomb, Abyss, Pan, Hells, Win
     0 | D:1      | 0 ||| PLANNING D:1-11
    20 | D:1      | 20 ||| Stepping ~*~*~tactically~*~*~ (stealth).
    26 | D:1      | Reached skill level 2 in Axes
    33 | D:1      | Reached XP level 2. HP: 19/19 MP: 2/2
    41 | D:1      | Found a faded altar of an unknown god.
   144 | D:1      | 144 ||| Stepping ~*~*~tactically~*~*~ (stealth).
   145 | D:1      | 145 ||| Stepping ~*~*~tactically~*~*~ (stealth).
   147 | D:1      | 147 ||| Stepping ~*~*~tactically~*~*~ (stealth).
   148 | D:1      | 148 ||| Stepping ~*~*~tactically~*~*~ (stealth).
   151 | D:1      | 151 ||| Stepping ~*~*~tactically~*~*~ (hiding).
   364 | D:1      | 364 ||| Stepping ~*~*~tactically~*~*~ (stealth).
   376 | D:1      | Reached skill level 3 in Axes
   416 | D:1      | Reached XP level 3. HP: 23/23 MP: 3/3
   443 | D:1      | 443 ||| Stepping ~*~*~tactically~*~*~ (stealth).
   445 | D:1      | 445 ||| Stepping ~*~*~tactically~*~*~ (stealth).
   856 | D:1      | 856 ||| READING scroll labelled MOLOUTWIAZ.
   857 | D:1      | 857 ||| READING scroll labelled QADETIRYUM.
   858 | D:1      | 858 ||| READING scroll labelled ERUCZA NUNECS.
   859 | D:1      | 859 ||| DRINKING 2 viscous emerald potions.
   950 | D:2      | Found the +2 hood of the Assassin {Detect Stab+ Stlth++}
  1105 | D:2      | 1105 ||| DROPPING +0 club.
  1376 | D:2      | 1376 ||| Stepping ~*~*~tactically~*~*~ (hiding).
  1582 | D:2      | Reached XP level 4. HP: 25/28 MP: 4/4
  2040 | D:2      | 2040 ||| UPGRADING to +2 hood of the Assassin {Detect Stab+
                  | Stlth++}.
  2045 | D:2      | 2045 ||| DROPPING +2 hat of stealth.
  2046 | D:2      | 2046 ||| UPGRADING to ring of resist corrosion.
  2047 | D:2      | 2047 ||| READING scroll labelled MABLOV YMEERPH.
  2048 | D:2      | 2048 ||| READING 2 scrolls of identify.
  2048 | D:2      | 2048 ||| IDENTIFYING cyan potion
  2049 | D:2      | 2049 ||| DROPPING potion of ambrosia.
  2094 | D:3      | 2094 ||| Stepping ~*~*~tactically~*~*~ (stealth).
  2096 | D:3      | 2096 ||| Stepping ~*~*~tactically~*~*~ (stealth).
  2098 | D:3      | 2098 ||| Stepping ~*~*~tactically~*~*~ (stealth).
  2148 | D:3      | 2148 ||| Stepping ~*~*~tactically~*~*~ (hiding).
  2162 | D:3      | 2162 ||| Stepping ~*~*~tactically~*~*~ (stealth).
  2183 | D:3      | 2183 ||| Stepping ~*~*~tactically~*~*~ (stealth).
  2199 | D:3      | Reached skill level 4 in Axes
  2475 | D:3      | 2475 ||| Stepping ~*~*~tactically~*~*~ (stealth).
  2477 | D:3      | 2477 ||| Stepping ~*~*~tactically~*~*~ (stealth).
  2479 | D:3      | 2479 ||| Stepping ~*~*~tactically~*~*~ (stealth).
  2481 | D:3      | 2481 ||| Stepping ~*~*~tactically~*~*~ (stealth).
  2483 | D:3      | 2483 ||| Stepping ~*~*~tactically~*~*~ (stealth).
  2485 | D:3      | 2485 ||| Stepping ~*~*~tactically~*~*~ (stealth).
  2487 | D:3      | 2487 ||| Stepping ~*~*~tactically~*~*~ (stealth).
  2489 | D:3      | 2489 ||| Stepping ~*~*~tactically~*~*~ (stealth).
  2717 | D:3      | 2717 ||| Stepping ~*~*~tactically~*~*~ (stealth).
  2719 | D:3      | 2719 ||| Stepping ~*~*~tactically~*~*~ (stealth).
  2817 | D:3      | Found a sacrificial altar of Ru.
  2891 | D:3      | 2891 ||| UPGRADING to +0 plate armour.
  2901 | D:3      | 2901 ||| DROPPING +0 scale mail.
  2902 | D:3      | 2902 ||| READING scroll labelled MEUHEL CICKIY.
  2907 | D:3      | 2907 ||| READING 3 scrolls of identify.
  2907 | D:3      | 2907 ||| IDENTIFYING smoky sapphire potion
  2908 | D:3      | 2908 ||| READING 2 scrolls of identify.
  2908 | D:3      | 2908 ||| IDENTIFYING amethyst potion
  2909 | D:3      | 2909 ||| DRINKING potion of experience.
  2909 | D:3      | Reached skill level 11 in Axes
  2909 | D:3      | Reached XP level 5. HP: 32/32 MP: 5/5
  2910 | D:3      | 2910 ||| DROPPING potion of invisibility.
  2937 | D:4      | 2937 ||| PLANNING SEWER
  2948 | D:4      | 2948 ||| READING scroll of enchant armour.
  2948 | D:4      | 2948 ||| ENCHANTING +0 plate armour.
  2965 | D:4      | Noticed Ijyb
  2966 | D:4      | 2966 ||| Stepping ~*~*~tactically~*~*~ (hiding).
  2978 | D:4      | Killed Ijyb
  3059 | D:4      | Found a glowing drain.
  3081 | D:4      | Reached XP level 6. HP: 38/38 MP: 6/6
  3089 | Sewer    | Entered a sewer
  3112 | Sewer    | 3112 ||| Stepping ~*~*~tactically~*~*~ (water).
  3240 | Sewer    | 3240 ||| READING scroll labelled KEWOIPP MOSMUM.
  3248 | Sewer    | 3248 ||| READING 3 scrolls of identify.
  3248 | Sewer    | 3248 ||| IDENTIFYING purple potion
  3249 | Sewer    | 3249 ||| READING 2 scrolls of identify.
  3249 | Sewer    | 3249 ||| IDENTIFYING lumpy green potion
  3250 | Sewer    | 3250 ||| DROPPING potion of brilliance.
  3376 | Sewer    | Reached XP level 7. HP: 29/44 MP: 7/7
  3446 | Sewer    | 3446 ||| READING scroll labelled COZURY FUSS.
  3447 | Sewer    | 3447 ||| DRINKING 2 puce potions.
  3451 | D:4      | 3451 ||| PLANNING D:1-11
  3584 | D:4      | Reached skill level 1 in Dodging
  3702 | D:4      | 3702 ||| Stepping ~*~*~tactically~*~*~ (stealth).
  3741 | D:4      | 3741 ||| DROPPING +0 whip.
  3773 | D:4      | 3773 ||| UPGRADING to +0 kite shield.
  3776 | D:4      | 3776 ||| UPGRADING to +0 kite shield.
  3786 | D:4      | 3786 ||| DROPPING +0 buckler.
  4004 | D:4      | Noticed Duvessa
  4004 | D:4      | Noticed Dowan
  4007 | D:4      | Killed Dowan
  4018 | D:4      | Killed Duvessa
  4282 | D:4      | Found a glowing silver altar of Zin.
  4671 | D:4      | 4671 ||| READING scroll labelled MENTU VIRU.
  4687 | D:4      | Reached XP level 8. HP: 49/49 MP: 8/8
  4869 | D:5      | Entered Level 5 of the Dungeon
  4869 | D:5      | Noticed Eustachio
  4882 | D:5      | Killed Eustachio
  5027 | D:5      | Reached skill level 6 in Shields
  5041 | D:5      | 5041 ||| Stepping ~*~*~tactically~*~*~ (cloud).
  5143 | D:5      | Found a hide-covered altar of Uskayaw.
  5144 | D:5      | 5144 ||| DROPPING +0 mace.
  5183 | D:5      | 5183 ||| READING scroll labelled QUNGI UF PAISE.
  5186 | D:5      | 5186 ||| READING scroll labelled KUYCLAGIASM.
  5220 | D:5      | 5220 ||| DRINKING 2 golden potions.
  5277 | D:5      | 5277 ||| FLEEEEING.
  5288 | D:5      | HP: 11/49 [something/magic dart (6)]
  5324 | D:5      | 5324 ||| FLEEEEING.
  5325 | D:5      | 5325 ||| FLEEEEING.
  5326 | D:5      | 5326 ||| FLEEEEING.
  5327 | D:5      | 5327 ||| FLEEEEING.
  5328 | D:5      | 5328 ||| FLEEEEING.
  5329 | D:5      | 5329 ||| FLEEEEING.
  5330 | D:5      | 5330 ||| FLEEEEING.
  5332 | D:5      | 5332 ||| FLEEEEING.
  5333 | D:5      | 5333 ||| STAIRDANCE
  5602 | D:5      | Noticed Menkaure
  5603 | D:5      | 5603 ||| Stepping ~*~*~tactically~*~*~ (hiding).
  5611 | D:5      | Killed Menkaure
  5893 | D:6      | Reached XP level 9. HP: 49/54 MP: 9/9
  5911 | D:6      | 5911 ||| Stepping ~*~*~tactically~*~*~ (hiding).
  5919 | D:6      | 5919 ||| Stepping ~*~*~tactically~*~*~ (cloud).
  5920 | D:6      | 5920 ||| STAIRDANCE
  5977 | D:5      | 5977 ||| Stepping ~*~*~tactically~*~*~ (stealth).
  5979 | D:5      | 5979 ||| Stepping ~*~*~tactically~*~*~ (stealth).
  5982 | D:5      | 5982 ||| Stepping ~*~*~tactically~*~*~ (stealth).
  6057 | D:6      | Reached skill level 6 in Fighting
  6080 | D:6      | Found a staircase to the Ecumenical Temple.
  6081 | D:6      | 6081 ||| PLANNING TEMPLE
  6087 | Temple   | Entered the Ecumenical Temple
  6116 | Temple   | 6116 ||| PLANNING OKAWARU WORSHIP
  6214 | Temple   | Became a worshipper of Warmaster Okawaru
  6215 | Temple   | 6215 ||| PLANNING D:1-11
  6276 | D:6      | Found a snail-covered altar of Cheibriados.
  6526 | D:6      | 6526 ||| Stepping ~*~*~tactically~*~*~ (stealth).
  6735 | D:7      | 6735 ||| STAIRDANCE
  6833 | D:7      | Found a glowing golden altar of the Shining One.
  6845 | D:7      | 6845 ||| Stepping ~*~*~tactically~*~*~ (stealth).
  6869 | D:7      | 6869 ||| READING scroll labelled VITEFI YNANKIP.
  6873 | D:7      | 6873 ||| FLEEEEING.
  6874 | D:7      | 6874 ||| FLEEEEING.
  6875 | D:7      | 6875 ||| FLEEEEING.
  6876 | D:7      | 6876 ||| FLEEEEING.
  6877 | D:7      | 6877 ||| FLEEEEING.
  6878 | D:7      | 6878 ||| FLEEEEING.
  6879 | D:7      | 6879 ||| FLEEEEING.
  6886 | D:7      | 6886 ||| STAIRDANCE
  7004 | D:7      | Found an opulent altar of Gozag.
  7041 | D:7      | 7041 ||| Stepping ~*~*~tactically~*~*~ (hiding).
  7050 | D:7      | 7050 ||| DRINKING 2 potions of curing.
  7050 | D:7      | 7050 ||| (to cure confusion)
  7240 | D:7      | 7240 ||| Stepping ~*~*~tactically~*~*~ (hiding).
  7241 | D:7      | 7241 ||| Stepping ~*~*~tactically~*~*~ (hiding).
  7266 | D:7      | 7266 ||| Stepping ~*~*~tactically~*~*~ (stealth).
  7269 | D:7      | 7269 ||| Stepping ~*~*~tactically~*~*~ (stealth).
  7289 | D:7      | Reached * piety under Okawaru
  7290 | D:7      | 7290 ||| INVOKING Heroism.
  7291 | D:7      | 7291 ||| INVOKING Heroism.
  7292 | D:7      | 7292 ||| INVOKING Heroism.
  7297 | D:7      | 7297 ||| FLEEEEING.
  7298 | D:7      | 7298 ||| FLEEEEING.
  7418 | D:7      | 7418 ||| Stepping ~*~*~tactically~*~*~ (stealth).
  7426 | D:7      | 7426 ||| FLEEEEING.
  7427 | D:7      | 7427 ||| FLEEEEING.
  7428 | D:7      | 7428 ||| FLEEEEING.
  7429 | D:7      | 7429 ||| FLEEEEING.
  7430 | D:7      | 7430 ||| FLEEEEING.
  7435 | D:7      | 7435 ||| STAIRDANCE
  7479 | D:7      | 7479 ||| FLEEEEING.
  7480 | D:7      | 7480 ||| FLEEEEING.
  7481 | D:7      | 7481 ||| STAIRDANCE
  7514 | D:7      | 7514 ||| FLEEEEING.
  7515 | D:7      | 7515 ||| FLEEEEING.
  7516 | D:7      | 7516 ||| FLEEEEING.
  7517 | D:7      | 7517 ||| FLEEEEING.
  7518 | D:7      | 7518 ||| STAIRDANCE
  7613 | D:7      | 7613 ||| Stepping ~*~*~tactically~*~*~ (hiding).
  7614 | D:7      | Noticed Joseph
  7639 | D:7      | Killed Joseph
  7790 | D:7      | 7790 ||| DROPPING +0 flail.
  7945 | D:7      | 7945 ||| INVOKING Heroism.
  7951 | D:7      | 7951 ||| DRINKING 2 coppery potions.
  7957 | D:7      | 7957 ||| READING 4 scrolls of identify.
  7957 | D:7      | 7957 ||| IDENTIFYING black potion
  7960 | D:7      | 7960 ||| INVOKING Heroism.
  7983 | D:7      | 7983 ||| FLEEEEING.
  7995 | D:7      | 7995 ||| FLEEEEING.
  8168 | D:7      | 8168 ||| Stepping ~*~*~tactically~*~*~ (stealth).
  8432 | D:7      | 8432 ||| Stepping ~*~*~tactically~*~*~ (stealth).
  8540 | D:7      | 8540 ||| Stepping ~*~*~tactically~*~*~ (stealth).
  8628 | D:7      | 8628 ||| Stepping ~*~*~tactically~*~*~ (stealth).
  8630 | D:7      | 8630 ||| Stepping ~*~*~tactically~*~*~ (stealth).
  8632 | D:7      | 8632 ||| Stepping ~*~*~tactically~*~*~ (stealth).
  8636 | D:7      | 8636 ||| Stepping ~*~*~tactically~*~*~ (stealth).
  8712 | D:7      | 8712 ||| FLEEEEING.
  9069 | D:8      | Found Nogoffa's Self-Improvement Boutique.
  9070 | D:8      | Noticed a hornet
  9079 | D:8      | Killed a hornet
  9080 | D:8      | Reached XP level 10. HP: 63/63 MP: 10/10
  9082 | D:8      | Noticed Psyche
  9087 | D:8      | Noticed a two-headed ogre
  9102 | D:8      | Killed Psyche
  9103 | D:8      | 9103 ||| INVOKING Heroism.
  9104 | D:8      | Killed a two-headed ogre
  9105 | D:8      | Reached skill level 9 in Shields
  9193 | D:8      | 9193 ||| Stepping ~*~*~tactically~*~*~ (hiding).
  9194 | D:8      | 9194 ||| Stepping ~*~*~tactically~*~*~ (hiding).
  9306 | D:8      | 9306 ||| Stepping ~*~*~tactically~*~*~ (stealth).
  9309 | D:8      | 9309 ||| Stepping ~*~*~tactically~*~*~ (stealth).
  9312 | D:8      | 9312 ||| INVOKING Heroism.
  9322 | D:8      | Reached skill level 1 in Invocations
  9325 | D:8      | 9325 ||| INVOKING Heroism.
  9328 | D:8      | Reached skill level 1 in Throwing
  9359 | D:8      | 9359 ||| DROPPING +5 flail.
  9369 | D:8      | 9369 ||| Stepping ~*~*~tactically~*~*~ (stealth).
  9371 | D:8      | 9371 ||| Stepping ~*~*~tactically~*~*~ (stealth).
  9373 | D:8      | 9373 ||| Stepping ~*~*~tactically~*~*~ (hiding).
  9411 | D:8      | 9411 ||| Stepping ~*~*~tactically~*~*~ (stealth).
  9459 | D:8      | 9459 ||| Stepping ~*~*~tactically~*~*~ (stealth).
  9567 | D:8      | 9567 ||| INVOKING Heroism.
  9574 | D:8      | Reached skill level 3 in Invocations
  9653 | D:8      | 9653 ||| Stepping ~*~*~tactically~*~*~ (hiding).
  9855 | D:8      | Found a broken altar of Ashenzari.
  9988 | D:8      | 9988 ||| FLEEEEING.
  9989 | D:8      | 9989 ||| FLEEEEING.
  9990 | D:8      | 9990 ||| FLEEEEING.
  9991 | D:8      | 9991 ||| FLEEEEING.
  9992 | D:8      | 9992 ||| FLEEEEING.
  9993 | D:8      | 9993 ||| FLEEEEING.
 10001 | D:8      | Reached skill level 6 in Armour
 10022 | D:8      | Found an ancient bone altar of Kikubaaqudgha.
 10034 | D:8      | 10034 ||| DRINKING potion of curing.
 10034 | D:8      | 10034 ||| (to cure confusion)
 10036 | D:8      | Found a radiant altar of Vehumet.
 10045 | D:8      | Found a shimmering blue altar of Sif Muna.
 10103 | D:8      | 10103 ||| Stepping ~*~*~tactically~*~*~ (stealth).
 10125 | D:8      | 10125 ||| Stepping ~*~*~tactically~*~*~ (stealth).
 10185 | D:8      | Reached ** piety under Okawaru
 10204 | D:8      | 10204 ||| READING scroll labelled BANAAKL HOLYSCH.
 10205 | D:8      | 10205 ||| READING 5 scrolls of identify.
 10205 | D:8      | 10205 ||| IDENTIFYING viscous clear potion
 10225 | D:9      | Noticed Erolcha
 10226 | D:9      | 10226 ||| INVOKING Heroism.
 10239 | D:9      | Killed Erolcha
 10241 | D:9      | HP: 15/63 [gnoll/+0 halberd[a gnoll bouda] (9)]
 10242 | D:9      | 10242 ||| READING 4 scrolls of teleportation.
 10242 | D:9      | HP: 7/63 [gnoll/+0 halberd[a gnoll bouda] (9)]
 10243 | D:9      | 10243 ||| DRINKING potion of heal wounds.
 10244 | D:9      | 10244 ||| INVOKING Heroism.
 10244 | D:9      | Slain by a wyvern

Levels and vault maps discovered:
D:1:      dpeg_arrival_tiny_i, layout_basic,
          hellmonk_ecumenical_altar_prayer_group, hangedman_decor_points,
          hex_medium
D:2:      layout_basic, serial_corexii_hall, corexii_hall_statues_deadend,
          corexii_hall_statues_s, corexii_hall_statues_x, corexii_hall_statues_l
D:3:      layout_basic, nicolae_ru_path_of_blood
D:4:      layout_layer_cave, zin_statuary, cheibrodos_sewer_entry_sluice,
          hangedman_decor_diamond_cutter, chequers_serial_rivers_small_b,
          uniq_duvessa, uniq_ijyb
D:5:      kennysheep_steamy, layout_cave_pools, mainiacjoe_overflow_brackets,
          chequers_serial_rivers_micro_a, minmay_fountain_box, uniq_eustachio,
          uniq_menkaure
D:6:      nicolae_cairo_tiling_large_dashed, layout_rooms, slow_altar_1,
          minmay_misc_feat_rows, kennysheep_path_1
D:7:      layout_basic, grunt_gozag_breadcrumbs, tso_altar, chequers_big_river,
          uniq_joseph
D:8:      layout_rooms, palyth_temple_overflow_mages,
          mainiacjoe_overflow_cross_hatched, nicolae_shop_self_help, uniq_psyche
D:9:      layout_long_grid, nemelex_diamond_rough_becter, grunt_dithmenos_smoke,
          xom_butterflies, david_lair_generic, serial_demonic, serial_demonic_d,
          serial_demonic_e, serial_demonic_e, serial_demonic_f, uniq_erolcha,
          uniq_pikel
Temple:   nicolae_temple_two_arcs

Skill      XL: |  1  2  3  4  5  6  7  8  9 10 |
---------------+-------------------------------+-----
Axes           | 2 3 11 | 11.2
Fighting       | 5 7 |  7.5
Dodging        | 1 |  1.2
Shields        | 4 7 8 9 |  9.7
Armour         | 4 5 6 |  6.0
Invocations    | 4 |  4.3
Throwing       | 1 |  1.0

Action                     |  1- 3 |  4- 6 |  7- 9 | 10-12 || total
---------------------------+-------+-------+-------+-------++-------
  Melee: War axe           |   109 |   157 |   263 |   125 ||   654
  Throw: Boomerang         |       |       |       |    19 ||    19
 Invoke: Heroism           |       |       |     3 |     6 ||     9
    Use: Scroll            |     3 |     9 |     6 |     3 ||    21
         Potion            |     1 |     1 |     4 |     2 ||     8
 Armour: Scale mail        |    71 |     3 |       |       ||    74
         Plate armour      |       |    77 |   135 |    67 ||   279
  Dodge: Dodged            |    48 |    40 |    82 |    24 ||   194
  Block: Buckler           |    21 |    23 |     1 |       ||    45
         Kite shield       |       |       |    86 |    59 ||   145

Table legend:
 A = Non-vault XP
 B = Vault XP
 C = Vault XP percentage of total XP
 D = Non-vault monster count
 E = Vault monster count
 F = Vault count percentage of total count
                 A         B        C        D         E       F
            +---------+---------+-------+---------+---------+-------
      Total |    5552 |    3134 |  36.1 |     157 |      69 |  30.5
            +---------+---------+-------+---------+---------+-------
        D:1 |      48 |      10 |  17.2 |      26 |       5 |  16.1
        D:2 |      33 |       0 |   0.0 |      13 |       0 |   0.0
        D:3 |      12 |       0 |   0.0 |       9 |       0 |   0.0
        D:4 |     446 |     259 |  36.7 |      25 |       7 |  21.9
        D:5 |     403 |     752 |  65.1 |      13 |       4 |  23.5
        D:6 |     722 |      44 |   5.7 |      13 |       1 |   7.1
        D:7 |     992 |     445 |  31.0 |      28 |       1 |   3.4
        D:8 |    2878 |     455 |  13.7 |      28 |       4 |  12.5
        D:9 |      18 |     857 |  97.9 |       2 |       1 |  33.3
      Sewer |       0 |     312 | 100.0 |       0 |      46 | 100.0
            +---------+---------+-------+---------+---------+-------
